 Dungeon Crawl Stone Soup version 0.28.0-43-g3370ac3207 (webtiles) character file.

Game seed: 9975152979516667527

67 issech the Cudgeller (level 3, 0/37 HPs)
             Began as a Troll Monk on Apr 2, 2022.
             Slain by Sigmund
             ... wielding a +0 scythe
              (13 damage)
             ... on level 3 of the Dungeon.
             The game lasted 00:05:23 (1599 turns).

issech the Cudgeller (Troll Monk)                   Turns: 1599, Time: 00:05:23

Health: 0/37       AC:  5    Str: 19    XL:     3   Next: 98%
Magic:  2/2        EV: 10    Int:  6    God:
Gold:   80         SH:  0    Dex: 14    Spells: 2/2 levels left

rFire   . . .      SeeInvis .   a - +0 mace
rCold   . . .      Faith    .   (no shield)
rNeg    . . .      Spirit   .   b - +0 robe
rPois   .          Reflect  .   (helmet restricted)
rElec   .          Harm     .   e - +0 cloak
rCorr   .          Rampage  .   (gloves unavailable)
Will    .....                   (boots unavailable)
Stlth   +.........              (no amulet)
HPRegen 0.92/turn               (no ring)
MPRegen 0.08/turn               (no ring)

@: confused
A: large, unfitting armour, claws 3, regeneration 1, shaggy fur 1, tough skin 1
a: no special abilities


You were on level 3 of the Dungeon.
You visited 1 branch of the dungeon, and saw 3 of its levels.

You collected 80 gold pieces.

Inventory:

Hand Weapons
 a - a +0 mace (weapon)
 i - a +0 long sword
Missiles
 c - 97 stones (quivered)
 d - 2 javelins
 g - 19 bolts
 h - 19 sling bullets
Armour
 b - a +0 robe (worn)
 e - a +0 cloak (worn)
Magical Staves
 j - a staff of air
Potions
 f - a potion of might {unknown}


   Skills:
 + Level 3.0 Fighting
 + Level 3.4 Maces & Flails
 + Level 2.9 Dodging
 + Level 1.1 Stealth


You had 2 spell levels left.
You didn't know any spells.
Your spell library was empty.

Dungeon Overview and Level Annotations

Branches:
Dungeon (3/15)

Altars:
Vehumet

Annotations:
D:3 Sigmund


Innate Abilities, Weirdness & Mutations

You are too large for most types of armour.
You have claws for hands.
Your natural rate of healing is unusually fast.
You are covered in fur. (AC +1)
You have tough skin. (AC +1)


Message History

You kill the giant cockroach!
You see here a giant cockroach corpse.
An endoplasm comes into view.
The rat bites the plant.
The plant begins to die.
The rat completely misses the plant.
The rat bites the plant.
The rat bites the plant.
The plant begins to die.
A nearby plant withers and dies.
The rat bites the plant.
The endoplasm quivers.
You sock the endoplasm!
You kill the endoplasm!
You hit the rat.
You kill the rat!
Found 8 gold pieces.
Found a scroll labelled USUWANAEDU.
Found a radiant altar of Vehumet.
Found 10 gold pieces.
Sigmund the Dreaded comes into view.
He is wielding a +0 scythe.
Sigmund gestures wildly while chanting.
Sigmund flickers and vanishes!
Deactivating autopickup; reactivate with Ctrl-A.
You sock the plant!
The plant begins to die.
The plant is lightly damaged.
Something hits the plant!
The plant begins to die.
A nearby plant withers and dies.
Something hits the plant!
The plant begins to die.
Found a stone staircase leading down.
A nearby plant withers and dies.
Something hits you!
A nearby plant withers and dies.
You see here 8 gold pieces.
Something hits you. Something hits you!
You hit something. Something hits you!
* * * LOW HITPOINT WARNING * * *
Something hits you.
* * * LOW HITPOINT WARNING * * *
You are confused.
You barely miss the plant. Your claw misses the plant. Something hits you!
You die...

#........#####.. .
#............##..
#.......$......#.
#.......P...._...
#..?....PPPP...PP
#........$.PPPPPP.
#......P....PPP...
#####..P.PP......PP
##.@.PPP...PPP.
###...P..PP..
#..........
########.......#.
...............#
.......#.......#
.......<.†.....#
#####.####.#.#.#
#......#.#.#


There were no monsters in sight!

Vanquished Creatures
  An adder (D:2)
  A worm (D:2)
  A dart slug (D:1)
  An orc (D:2)
  6 endoplasms
  4 giant cockroaches
  4 hobgoblins (D:1)
  3 jackals (D:1)
  4 quokkas
  5 ball pythons
  6 bats
  A frilled lizard (D:2)
  3 goblins
  7 rats
47 creatures vanquished.

Vanquished Creatures (others)
  5 plants (D:3)
5 creatures vanquished.

Grand Total: 52 creatures vanquished

Notes
Turn   | Place    | Note
-------+----------+-------------------------------------------
     0 | D:1      | issech the Troll Monk began the quest for the Orb.
     0 | D:1      | Reached XP level 1. HP: 22/22 MP: 0/0
   112 | D:1      | Reached XP level 2. HP: 29/29 MP: 1/1
   313 | D:1      | Found a faded altar of an unknown god.
   318 | D:1      | You fall into a shaft and drop 1 floor!
   504 | D:1      | Reached XP level 3. HP: 36/36 MP: 2/2
  1578 | D:3      | Found a radiant altar of Vehumet.
  1580 | D:3      | Noticed Sigmund
  1599 | D:3      | Slain by Sigmund

Illustrated notes

Levels and vault maps discovered:
D:1:      zaba_arrival_water, layout_basic, hellmonk_ecumenical_altar_blasted,
          st_stairs_5
D:2:      layout_loops_ring, kennysheep_generic_room_14
D:3:      cheibrodos_fertilizer, layout_basic,
          mainiacjoe_overflow_surrounded_room,
          mainiacjoe_overflow_catch_the_wave, uniq_sigmund

Skill      XL: |  1  2  3 |
---------------+----------+-----
Maces & Flails | 3 |  3.4
Fighting       | 3 |  3.0
Dodging        | |  2.9
Stealth        | |  1.1

Action                   || total
-------------------------++-------
Melee: Mace              ||   158
       Punch             ||     1
 Stab: Sleeping          ||     1
Armor: Robe              ||    95
Dodge: Dodged            ||   112
